 Dungeon Crawl Stone Soup version 0.30-a0-726-gd89dcf765f (webtiles) character file.

Game seed: 16802533935508966367

916 timneilson the Shield-Bearer (level 8, -10/48 HPs)
             Began as a Gargoyle Fighter on Jan 29, 2023.
             Was a Follower of Okawaru.
             Mangled by Duvessa
             ... wielding a +3 rapier of venom
              (13 damage)
             ... on level 5 of the Dungeon.
             The game lasted 00:05:38 (4017 turns).

timneilson the Shield-Bearer (Gargoyle Fighter)     Turns: 4017, Time: 00:05:39

Health: -10/48     AC: 18    Str: 23    XL:     8   Next: 9%
Magic:  9/9        EV:  8    Int:  8    God:    Okawaru [*.....]
Gold:   222        SH:  5    Dex:  9    Spells: 7/7 levels left

rFire   + . .      SeeInvis .    a - +1 long sword
rCold   . . .      Faith    .    c - +0 buckler
rNeg    + . .      Spirit   .    q - +0 chain mail
rPois   ∞          Reflect  .    (no helmet)
rElec   +          Harm     .    (no cloak)
rCorr   .          Rampage  .    i - +0 pair of gloves
Will    .....                    t - +0 pair of boots Stlth
                                 (no amulet)
HPRegen 0.28/turn                h - ring of protection from fire
MPRegen 0.11/turn                (no ring)

@: no status effects
A: sickness immunity, AC +5, negative energy resistance 1, electricity
resistance, torment resistance 1, petrification resistance
a: Renounce Religion, Heroism


You were on level 5 of the Dungeon.
You worshipped Okawaru.
Okawaru was aware of your devotion.
You visited 2 branches of the dungeon, and saw 6 of its levels.

You collected 222 gold pieces.

Inventory:

Hand Weapons
 a - a +1 long sword (weapon)
Armour
 c - a +0 buckler (worn)
 i - a +0 pair of gloves (worn)
 j - a +0 plate armour
 q - a +0 chain mail (worn)
 t - a +0 pair of boots (worn)
Jewellery
 h - a ring of protection from fire (left hand)
Scrolls
 b - a scroll of amnesia
 g - 4 scrolls of noise
 l - 2 scrolls of blinking
 m - 2 scrolls of teleportation
Potions
 d - a potion of might
 f - 3 potions of ambrosia
 k - 3 potions of lignification
 n - a potion of invisibility
 o - a potion of mutation {unknown}
 p - a potion of attraction {unknown}
 r - a potion of haste {unknown}


   Skills:
 + Level 4.6 Fighting
 * Level 4.4 Long Blades
 * Level 5.7 Armour
 + Level 2.2 Dodging
 * Level 5.8 Shields
 + Level 1.7 Invocations


You had 7 spell levels left.
You didn't know any spells.
Your spell library contained the following spells:

 Spells                   Type           Power      Damage    Failure   Level
 Lesser Beckoning         Tloc           0%         N/A       99%         2
 Gell's Gravitas          Tloc           0%         N/A       100%        3
 Inner Flame              Hex/Fire       0%         N/A       100%        3
 Teleport Other           Tloc           0%         N/A       100%        3
 Flame Wave               Conj/Fire      0%         2d4       100%        4
 Sticky Flame             Conj/Fire      0%         2d3       100%        4


Dungeon Overview and Level Annotations

Branches:
Dungeon (5/15)             Temple (1/1) D:4

Altars:
Fedhas
Gozag
Nemelex Xobeh
Okawaru
Trog
Vehumet
Yredelemnul

Annotations:
D:5 Duvessa


Innate Abilities, Weirdness & Mutations

You are immune to sickness and miasma.
Your stone body is resilient. (AC +5)
You are immune to poison.
You resist negative energy. (rN+)
You are resistant to electric shocks. (rElec)
You are resistant to unholy torment.
You are immune to petrification.


Message History

You hit Dowan.
You kill Dowan!
Okawaru accepts your kill.
Duvessa screams in rage.
Duvessa goes berserk!
You block the scorpion's attack. The scorpion closely misses you.
You have reached level 8!
You feel stronger.
You hit the scorpion.
The scorpion is almost dead.
Duvessa rages. x2
The scorpion stings you but does no damage.
You barely miss the scorpion.
The scorpion is almost dead.
The scorpion barely misses you.
Duvessa rages.
You hit the scorpion but do no damage.
The scorpion is almost dead.
The scorpion stings you. x2
You hit the scorpion.
The scorpion is almost dead.
The scorpion stings you.
The scorpion stings you but does no damage.
You hit the scorpion but do no damage.
The scorpion is almost dead.
Duvessa rages.
The scorpion stings you but does no damage.
You slash the scorpion!
You kill the scorpion!
Okawaru accepts your kill.
Duvessa hits you with a +3 rapier of venom!
You slash Duvessa!
Duvessa is lightly wounded.
Duvessa barely misses you.
You hit Duvessa.
Duvessa is lightly wounded.
Duvessa hits you with a +3 rapier of venom!
* * * LOW HITPOINT WARNING * * *
Duvessa hits you with a +3 rapier of venom!
You die...

#.........#####.####....
........### #..##......
...#....# ###.##....... .
#....####(.......†...
###.......##.##......
##.........##......
#..###...####.....>
######.###.....###......
......)@e...............
##########.###.####.####..###
#....# #...###.##..... ...
#....###.##.......#.....
#.......................
#...~..~.~~~.#..###.....
#...≈~...~~~≈##.# ..
#.<†...~~~.### ...
#......~≈..~.# .###


You could see Duvessa (berserk, fast).

Vanquished Creatures
  Edmund (D:4)
  3 necrophages
  A scorpion (D:5)
  Dowan (D:5)
  2 howler monkeys
  A jelly (D:5)
  3 hounds
  2 iguanas
  5 gnolls
  9 adders
  5 worms
  2 dart slugs
  10 orcs
  6 ball pythons
  A bat (D:2)
  4 endoplasms
  3 giant cockroaches
  7 hobgoblins
  10 jackals
  5 kobolds
  9 quokkas
  5 frilled lizards
  6 goblins
  2 rats (D:2)
103 creatures vanquished.

Notes
Turn   | Place    | Note
-------+----------+-------------------------------------------
     0 | D:1      | timneilson the Gargoyle Fighter began the quest for the
                  | Orb.
     0 | D:1      | Reached XP level 1. HP: 14/14 MP: 1/1
    56 | D:1      | Reached XP level 2. HP: 4/19 MP: 2/2
   630 | D:1      | Reached XP level 3. HP: 23/23 MP: 3/3
  1207 | D:2      | Reached XP level 4. HP: 26/28 MP: 4/4
  1785 | D:3      | Found a faded altar of an unknown god.
  2198 | D:3      | Reached skill level 1 in Dodging
  2211 | D:3      | Reached XP level 5. HP: 29/33 MP: 5/5
  2570 | D:4      | Noticed Edmund
  2581 | D:4      | Killed Edmund
  2582 | D:4      | Reached XP level 6. HP: 16/38 MP: 6/6
  2850 | D:4      | Reached skill level 5 in Shields
  3031 | D:4      | Found a staircase to the Ecumenical Temple.
  3040 | Temple   | Entered the Ecumenical Temple
  3048 | Temple   | Became a worshipper of Warmaster Okawaru
  3208 | D:4      | Reached XP level 7. HP: 35/43 MP: 7/7
  3393 | D:4      | Reached skill level 5 in Armour
  3766 | D:5      | Entered Level 5 of the Dungeon
  3766 | D:5      | Noticed a yak
  3889 | D:5      | Reached skill level 1 in Invocations
  3967 | D:5      | Reached * piety under Okawaru
  3973 | D:5      | Noticed Dowan
  3975 | D:5      | Noticed Duvessa
  4009 | D:5      | Killed Dowan
  4010 | D:5      | Reached XP level 8. HP: 33/48 MP: 9/9
  4017 | D:5      | Mangled by Duvessa

Illustrated notes

Levels and vault maps discovered:
D:1:      mrwooster_arrival_statue_3, layout_basic, minmay_surrounded
D:2:      layout_loops_ring, minmay_misc_feat_doors
D:3:      layout_basic, shapermc_ecumenical_altar_mp_highgroup, hex_large
D:4:      minmay_octagon_keep, layout_loops_corners,
          minmay_temple_entry_junction_2, uniq_edmund
D:5:      layout_rooms, lemuel_doored_altar, cheibrodos_ashenzari_chains,
          chequers_serial_rivers_marsh, lemuel_flamethrower_1, uniq_duvessa
Temple:   eino_temple_lava

Skill      XL: |  1  2  3  4  5  6  7 |
---------------+----------------------+-----
Long Blades    | 2 3 4 |  4.4
Shields        | 4 5 |  5.8
Armour         | 4 5 |  5.7
Dodging        | 1 2 |  2.2
Fighting       | 4 |  4.6
Invocations    | 1 |  1.7

Action                     |  1- 3 |  4- 6 |  7- 9 || total
---------------------------+-------+-------+-------++-------
  Melee: Long sword        |   113 |   252 |   204 ||   569
    Use: Scroll            |     3 |     6 |     4 ||    13
         Potion            |       |     2 |     3 ||     5
 Armour: Scale mail        |    66 |   110 |       ||   176
         Chain mail        |       |    41 |   178 ||   219
  Dodge: Dodged            |    49 |   132 |    96 ||   277
  Block: Buckler           |    21 |    63 |    51 ||   135

Table legend: (Time is in decaauts)
 A = Elapsed time spent in this place.
 B = Non-inter-level travel time spent in this place.
 C = Inter-level travel time spent in this place.
 D = Time resting spent in this place.
 E = Time spent auto-exploring this place.
 F = Levels seen in this place.
 G = Mean time per level.
                   A        B        C        D        E       F      G
               +--------+--------+--------+--------+--------+-----+--------+
         Total |   4177 |   4066 |    111 |      0 |   2911 |   6 |  696.2 |
       Dungeon |   4161 |   4057 |    104 |      0 |   2911 |   5 |  832.2 |
        Temple |     16 |      9 |      7 |      0 |      0 |   1 |   16.0 |
               +--------+--------+--------+--------+--------+-----+--------+

Top non-repeatable levels by time:
     D:4: 1469 daAuts
     D:1: 1047 daAuts
     D:2: 720 daAuts
     D:3: 674 daAuts
     D:5: 249 daAuts
  Temple: 16 daAuts
